 Dungeon Crawl Stone Soup version 0.29-a0-824-gd827844252 (webtiles) character file.

Game seed: 3918452788049287313

12922 coolguy69 the Covert (level 12, -7/63 HPs)
             Began as a Vine Stalker Monk on July 10, 2022.
             Was a High Priest of Okawaru.
             Mangled by an orc warlord
             ... wielding a +0 long sword
              (15 damage)
             ... on level 2 of the Orcish Mines.
             The game lasted 00:16:24 (8995 turns).

coolguy69 the Covert (Vine Stalker Monk)            Turns: 8995, Time: 00:16:25

Health: -7/63      AC: 30    Str: 19    XL:     12   Next: 0%
Magic:  0/16       EV: 12    Int: 10    God:    Okawaru [*****.]
Gold:   742        SH:  9    Dex: 17    Spells: 11/11 levels left

rFire   . . .      SeeInvis +   g - +3 dagger (drain)
rCold   . . .      Faith    .   r - +2 buckler
rNeg    . . .      Spirit   +   l - +18 Lear's hauberk
rPois   .          Reflect  .   (helmet currently unavailable)
rElec   .          Harm     .   (no cloak)
rCorr   .          Rampage  .   (gloves currently unavailable)
Will    +....                   (boots currently unavailable)
Stlth   +++.......              u - amulet of regeneration
HPRegen 1.80/turn               a - +4 ring of slaying
MPRegen 0.15/turn               m - ring of see invisible

@: about to teleport, heroic
A: fangs 3, regeneration 1, magic shield, antimagic bite, no potion heal 2
a: Renounce Religion, Heroism, Finesse, Duel


You were on level 2 of the Orcish Mines.
You worshipped Okawaru.
Okawaru was extremely pleased with you.
You visited 3 branches of the dungeon, and saw 12 of its levels.

You collected 936 gold pieces.
You spent 194 gold pieces at shops.

Inventory:

Hand Weapons
 g - a +3 dagger of draining (weapon)
Missiles
 e - 2 throwing nets (quivered)
Armour
 d - the +2 robe "Qob Naur" {Rampage Dex+4}
   (You found it on level 2 of the Dungeon)

   Dex:       It affects your dexterity (+4).
   Rampage:   It bestows one free step when moving towards enemies.
 l - the +18 Lear's hauberk (worn)
   (You acquired it on level 5 of the Dungeon)
 r - a +2 buckler (worn)
 v - the +1 pair of boots of Tufoyggeng {Str+5}
   (You acquired it on level 7 of the Dungeon)

   Str:       It affects your strength (+5).
Jewellery
 a - a +4 ring of slaying (left hand)
 m - a ring of see invisible (right hand)
 u - an amulet of regeneration (around neck)
Wands
 p - a wand of acid (14)
 y - a wand of digging (9)
 z - a wand of flame (9)
Scrolls
 b - 2 scrolls of identify
 h - 4 scrolls of teleportation
 i - 2 scrolls of poison
 k - a scroll of magic mapping {unknown}
 q - 2 scrolls of vulnerability
 w - 2 scrolls of fear {unknown}
 A - a scroll of summoning {unknown}
Potions
 c - a potion of ambrosia
 f - 2 potions of flight
 j - 3 potions of curing
 n - 3 potions of brilliance
 o - 3 potions of cancellation
 s - a potion of mutation
 t - 3 potions of haste
 x - a potion of degeneration {unknown}


   Skills:
 + Level 7.1(12.1) Fighting
 - Level 8.0(13.0) Short Blades
 + Level 7.2(12.2) Armour
 + Level 5.6(10.6) Dodging
 + Level 9.8(14.8) Stealth
 + Level 6.9(11.9) Shields
 * Level 4.2 Invocations


You had 11 spell levels left.
You didn't know any spells.
Your spell library contained the following spells:

 Spells                   Type           Power      Damage    Failure   Level
 Foxfire                  Conj/Fire      0%         2x1d4     97%         1
 Blink                    Tloc           0%         N/A       99%         2
 Ensorcelled Hibernation  Hex/Ice        0%         N/A       99%         2
 Conjure Flame            Conj/Fire      0%         6-21      100%        3
 Gell's Gravitas          Tloc           0%         N/A       100%        3
 Inner Flame              Hex/Fire       0%         N/A       100%        3
 Lesser Beckoning         Tloc           0%         N/A       100%        3
 Spider Form              Tmut/Pois      0%         N/A       100%        3
 Teleport Other           Tloc           0%         N/A       100%        3
 Anguish                  Hex/Necr       0%         N/A       100%        4
 Flame Wave               Conj/Fire      0%         2d4       100%        4
 Fulminant Prism          Conj/Hex       0%         3d6       100%        4
 Iskenderun's Mystic Bla  Conj/Tloc      0%         2d3       100%        4
 Blade Hands              Tmut           0%         N/A       100%        5
 Irradiate                Conj/Tmut      0%         3d13      100%        5
 Lee's Rapid Deconstruct  Erth           0%         3d5*      100%        5
 Manifold Assault         Tloc           0%         N/A       100%        5
 Dispersal                Tloc           0%         N/A       100%        6
 Dragon Form              Tmut           0%         N/A       100%        7


Dungeon Overview and Level Annotations

Branches:
Dungeon (9/15)             Temple (1/1) D:6             Orc (2/2) D:9
    Elf (0/3) Orc:2
   Lair: D:8-11

Altars:
Ashenzari
Cheibriados
Elyvilon
Fedhas
Gozag
Hepliaklqana
Kikubaaqudgha
Nemelex Xobeh
Okawaru
Qazlal
Ru
Sif Muna
Trog
Uskayaw
Vehumet
Wu Jian
Xom
Yredelemnul
Zin
The Shining One

Shops:
D:7 ?*   D:9 *   Orc:2 !!:

Annotations:
D:6 2 runed translucent doors, zhov's ghost, novice SpAM


Innate Abilities, Weirdness & Mutations

You have razor-sharp teeth.
Your natural rate of healing is unusually fast.
When hurt, damage is shared between your health and your magic reserves.
Your bite disrupts and absorbs the magic of your enemies.
Potions cannot restore your health.


Message History

You hit the orc warlord but do no damage.
The orc warlord blocks your attack.
The orc no longer looks unusually strong.
Unknown command.
The orc warlord blocks your attack.
You bite the orc warlord, but do no damage.
The orc warlord roars a battlecry!
The orc goes into a battle-frenzy!
The orc closely misses you. The orc warlord blocks your attack. x2
You hit the orc warlord. You drain the orc warlord.
Your bite misses the orc warlord.
The orc warlord is lightly wounded.
You block the orc warlord's attack. You block the orc's attack.
You hit the orc warlord but do no damage.
The orc warlord is lightly wounded.
Unknown command.
The orc warlord blocks your attack. x2
The orc warlord is lightly wounded.
You block the orc warlord's attack. The orc misses you.
The orc warlord blocks your attack. x2
The orc warlord is lightly wounded.
You hit the orc warlord but do no damage.
You drain the orc warlord. Your bite misses the orc warlord.
The orc warlord is lightly wounded.
The orc warlord hits you with a +0 long sword!
* * * LOW HITPOINT WARNING * * *
You block the orc's attack.
Unknown command.
As you read the scroll of teleportation, it crumbles to dust.
You feel strangely unstable.
The orc warlord hits you but does no damage.
The orc barely misses you. The orc attacks as you move away!
You block the orc's attack.
The orc warlord attacks as you move away!
The orc warlord hits you but does no damage.
The orc attacks as you move away! You block the orc's attack.
The orc warlord attacks as you move away!
The orc warlord hits you with a +0 long sword!
You die...

##............)[[.......
#...##......[)).........
##....#......[..........
####.....................
##.##...##................
#...#.)....#.#............
#.....†<)[..##..........##
##..#....oo...............#
##.........@................
##....#...................#..
#...............[........#.#.
#.....#...#.................#
##.........#.............#.#.
#...........................
##...<............#......#...
#........#..............##...
##.##.#.####......#.#..####.#


You could see an orc warlord (drained) and an orc (strong).

Vanquished Creatures
  2 two-headed ogres
  An orc high priest (Orc:2)
  An orc knight (Orc:1)
  8 orc sorcerers (Orc:2)
  3 trolls (Orc:2)
  2 hornets
  A shadow (D:9)
  Edmund (D:5)
  5 wargs
  Menkaure (D:5)
  3 water moccasins
  An acid dragon (D:8)
  11 orc warriors
  The ghost of kevlar127 the Ruffian, an amateur TrBe of Trog (D:3)
  A sky beast (D:7)
  An ice beast (D:6)
  A centaur (D:7)
  5 ogres
  2 kobold brigands (D:8)
  4 scorpions
  2 bullfrogs (D:8)
  3 necrophages
  A gnoll sergeant (D:7)
  8 wights (D:7)
  15 killer bees
  An electric eel (D:7)
  5 hounds
  8 orc priests
  Terence (D:2)
  2 iguanas (D:5)
  Ijyb (D:3)
  30 orc wizards
  13 gnolls
  6 adders
  A white imp (D:7)
  5 worms
  3 dart slugs
  69 orcs
  5 ball pythons
  7 bats
  7 endoplasms
  4 giant cockroaches
  5 hobgoblins
  4 jackals (D:5)
  14 kobolds
  A quokka (D:5)
  7 frilled lizards
  5 goblins
  3 rats
291 creatures vanquished.

Vanquished Creatures (others)
  2 orcs
2 creatures vanquished.

Grand Total: 293 creatures vanquished

Notes
Turn   | Place    | Note
-------+----------+-------------------------------------------
     0 | D:1      | coolguy69 the Vine Stalker Monk began the quest for the
                  | Orb.
     0 | D:1      | Reached XP level 1. HP: 11/11 MP: 2/2
   517 | D:1      | Reached XP level 2. HP: 13/16 MP: 3/3
   583 | D:1      | You fall into a shaft and drop 1 floor!
   844 | D:2      | Identified the +2 robe "Qob Naur" {Rampage Dex+4}
  1005 | D:2      | Noticed Terence
  1020 | D:2      | Killed Terence
  1021 | D:2      | Reached XP level 3. HP: 15/20 MP: 4/4
  1516 | D:2      | Gained mutation: Your natural rate of healing is unusually
                  | fast. [Vine Stalker growth]
  1516 | D:2      | Reached XP level 4. HP: 24/24 MP: 5/5
  1585 | D:1      | Reached skill level 3 in Stealth
  1622 | D:1      | Found a faded altar of an unknown god.
  1977 | D:3      | Found a runed translucent door.
  1984 | D:3      | Found a hazy altar of Hepliaklqana.
  2192 | D:3      | Noticed an ogre
  2195 | D:3      | Noticed a water moccasin
  2208 | D:3      | Killed an ogre
  2209 | D:3      | Reached skill level 4 in Stealth
  2209 | D:3      | Reached XP level 5. HP: 28/28 MP: 6/6
  2215 | D:3      | Killed a water moccasin
  2216 | D:3      | Reached XP level 6. HP: 32/32 MP: 7/7
  2525 | D:3      | Noticed Ijyb
  2527 | D:3      | Killed Ijyb
  2706 | D:3      | Noticed kevlar127's ghost (amateur TrBe)
  2719 | D:3      | Reached skill level 5 in Stealth
  2727 | D:3      | Killed kevlar127's ghost
  2795 | D:4      | Found a shimmering altar of Xom.
  2872 | D:4      | Reached XP level 7. HP: 37/37 MP: 8/8
  2935 | D:4      | Reached skill level 6 in Stealth
  3044 | D:4      | Found a sacrificial altar of Ru.
  3517 | D:5      | Entered Level 5 of the Dungeon
  3523 | D:5      | Noticed Edmund
  3540 | D:5      | Killed Edmund
  3541 | D:5      | Reached skill level 5 in Short Blades
  3541 | D:5      | Reached skill level 7 in Stealth
  3541 | D:5      | Gained mutation: You have razor-sharp teeth. [Vine Stalker
                  | growth]
  3541 | D:5      | Reached XP level 8. HP: 42/42 MP: 7/9
  3725 | D:5      | Identified a scroll of acquirement
  3725 | D:5      | Acquired the +18 Lear's hauberk
  3725 | D:5      | Found the +18 Lear's hauberk
  3837 | D:5      | Noticed Menkaure
  3854 | D:5      | HP: 2/42 [Menkaure/nerve-wracking pain (10)]
  3855 | D:5      | Killed Menkaure
  3856 | D:5      | Reached skill level 8 in Stealth
  4319 | D:6      | Found a staircase to the Ecumenical Temple.
  4325 | D:6      | Reached skill level 1 in Armour
  4329 | Temple   | Entered the Ecumenical Temple
  4598 | D:6      | Found a runed translucent door.
  4600 | D:6      | Noticed zhov's ghost (novice SpAM)
  4636 | D:6      | Found a runed translucent door.
  4651 | D:6      | Reached XP level 9. HP: 46/46 MP: 10/10
  4688 | D:6      | Reached skill level 9 in Stealth
  4927 | D:7      | Found Xegiab's Elemental Accessories.
  4942 | D:7      | Acquired the +1 pair of boots of Tufoyggeng {Str+5}
  5048 | D:7      | Found a stormy altar of Qazlal.
  5055 | D:7      | Found an opulent altar of Gozag.
  5260 | D:7      | Found Picemusu's Magic Scroll Shop.
  5264 | D:7      | Bought a scroll of enchant armour for 97 gold pieces
  5264 | D:7      | Bought a scroll of enchant weapon for 97 gold pieces
  5402 | D:7      | Found an iron altar of Okawaru.
  5443 | D:7      | Reached skill level 1 in Shields
  5466 | D:7      | Became a worshipper of Warmaster Okawaru
  5466 | D:7      | Reached * piety under Okawaru
  5466 | D:7      | Reached ** piety under Okawaru
  5517 | D:7      | Reached skill level 5 in Fighting
  6079 | D:8      | Noticed a two-headed ogre
  6088 | D:8      | Killed a two-headed ogre
  6089 | D:8      | Reached XP level 10. HP: 50/51 MP: 11/11
  6179 | D:8      | Found a snail-covered altar of Cheibriados.
  6202 | D:8      | Reached *** piety under Okawaru
  6660 | D:9      | Reached skill level 5 in Armour
  6718 | D:9      | Found a staircase to the Orcish Mines.
  6748 | D:9      | Reached skill level 5 in Dodging
  6791 | D:9      | Reached **** piety under Okawaru
  6954 | D:9      | Found Egeveiv's Profane Products.
  6986 | D:9      | Found a bloodstained altar of Trog.
  7351 | D:9      | Noticed a two-headed ogre
  7361 | D:9      | Killed a two-headed ogre
  7562 | Orc:1    | Entered Level 1 of the Orcish Mines
  7588 | Orc:1    | Noticed an orc knight
  7600 | Orc:1    | Reached XP level 11. HP: 43/56 MP: 8/12
  7623 | Orc:1    | HP: 2/56 [poisoned by an orc]
  7675 | Orc:1    | Killed an orc knight
  7676 | Orc:1    | Reached skill level 5 in Shields
  7676 | Orc:1    | Reached skill level 1 in Invocations
  7747 | Orc:2    | Entered Level 2 of the Orcish Mines
  7747 | Orc:2    | Found a staircase to the Elven Halls.
  7869 | Orc:2    | Noticed an orc sorcerer
  7882 | Orc:2    | Killed an orc sorcerer
  7931 | Orc:2    | Noticed an orc sorcerer
  7937 | Orc:2    | Noticed an orc sorcerer
  7952 | Orc:2    | Noticed an orc sorcerer
  7978 | Orc:2    | Killed an orc sorcerer
  7978 | Orc:2    | Reached ***** piety under Okawaru
  8018 | Orc:2    | Noticed a soul eater
  8022 | Orc:2    | Noticed an orc sorcerer
  8028 | Orc:2    | Killed an orc sorcerer
  8039 | Orc:2    | Killed an orc sorcerer
  8066 | Orc:2    | Noticed an orc sorcerer
  8079 | Orc:2    | Killed an orc sorcerer
  8092 | Orc:2    | Killed an orc sorcerer
  8104 | Orc:2    | Found Tuceg's Distillery.
  8104 | Orc:2    | Found Ejuotroe's Book Boutique.
  8159 | Orc:2    | Noticed an orc sorcerer
  8177 | Orc:2    | Killed an orc sorcerer
  8258 | Orc:2    | Noticed an orc high priest
  8275 | Orc:2    | Killed an orc high priest
  8275 | Orc:2    | Identified the +3 scale mail of Love and Death {Int-5
                  | Dex+6} (Okawaru gifted it to you on level 2 of the Orcish
                  | Mines)
  8275 | Orc:2    | Received a gift from Okawaru
  8284 | Orc:2    | Found Biushry's Distillery.
  8284 | Orc:2    | Found Figemu's Distillery.
  8284 | Orc:2    | Noticed an orc sorcerer
  8627 | Orc:2    | Killed an orc sorcerer
  8955 | Orc:1    | Noticed an orc warlord
  8956 | Orc:1    | Noticed an orc sorcerer
  8984 | Orc:2    | Reached XP level 12. HP: 7/63 MP: 3/16
  8991 | Orc:2    | HP: 2/63 [orc warlord/+0 long sword (12)]
  8995 | Orc:2    | Mangled by an orc warlord

Illustrated notes

Levels and vault maps discovered:
D:1:      kennysheep_arrival_forest, layout_basic,
          shapermc_ecumenical_altar_pompeii
D:2:      layout_loops_corners, uniq_terence
D:3:      layout_basic, mainiacjoe_overflow_paths, ebering_ghost_sewer_d,
          minmay_liquid_box, minmay_statues_item, uniq_ijyb
D:4:      layout_basic, mainiacjoe_overflow_tiny_flanked,
          mainiacjoe_overflow_six_doors_small, minmay_bent
D:5:      layout_basic, jmf_multi_god_temple2,
          amcnicky_mini_rare_corridor_liquid, amethyst_killhole,
          glass_columns_a, uniq_edmund, uniq_menkaure
D:6:      layout_basic, minmay_temple_entry_hall, ebering_ghost_sewer_f
D:7:      layout_loops_ring, mainiacjoe_overflow_brackets, jmf_multi_god_temple,
          serial_shops, shop, nrook_pool_corridor, nicolae_elemental_shop
D:8:      layout_loops_ring, slow_altar_1
D:9:      layout_stronghold, trog_three_pillars_becter, david_orc_5,
          nicolae_evil_shop
Temple:   nicolae_temple_slightly_damp_pantheon
Orc:1:    layout_diamond_mine
Orc:2:    st_orc_town, layout_caves

Skill      XL: |  1  2  3  4  5  6  7  8  9 10 11 |
---------------+----------------------------------+-----
Short Blades   | 3 4 5 6 7 8 |  8.0
Fighting       | 3 4 5 6 7 |  7.1
Stealth        | 4 5 7 8 9 |  9.8
Dodging        | 3 4 5 |  5.6
Armour         | 1 4 5 7 |  7.2
Shields        | 2 4 6 |  6.9
Invocations    | 4 |  4.2

Action                   |  1- 3 |  4- 6 |  7- 9 | 10-12 || total
-------------------------+-------+-------+-------+-------++-------
Melee: Short sword       |    13 |       |       |       ||    13
       Bite              |    13 |    19 |   107 |   193 ||   332
       Dagger            |    39 |    75 |   295 |   543 ||   952
       Punch             |     2 |       |     3 |       ||     5
Invok: Heroism           |       |       |       |     6 ||     6
  Use: Scroll            |     2 |       |    15 |     4 ||    21
       Potion            |       |     2 |       |     1 ||     3
 Stab: Sleeping          |     5 |    12 |     8 |       ||    25
       Distracted        |       |       |     1 |       ||     1
       Confused          |       |       |       |     1 ||     1
Armor: Ring mail         |    11 |       |       |       ||    11
       Robe              |     1 |    15 |    17 |       ||    33
       Chain mail        |       |       |    97 |   280 ||   377
Dodge: Dodged            |    27 |    41 |   119 |   226 ||   413
Block: Buckler           |       |       |    21 |   212 ||   233

Table legend: (Time is in decaauts)
 A = Elapsed time spent in this place.
 B = Non-inter-level travel time spent in this place.
 C = Inter-level travel time spent in this place.
 D = Time resting spent in this place.
 E = Time spent auto-exploring this place.
 F = Levels seen in this place.
 G = Mean time per level.
                   A        B        C        D        E       F      G
               +--------+--------+--------+--------+--------+-----+--------+
         Total |   8715 |   8128 |    587 |    311 |   5990 |  12 |  726.2 |
       Dungeon |   7255 |   6739 |    516 |    107 |   5332 |   9 |  806.1 |
        Temple |    185 |    166 |     19 |      0 |    154 |   1 |  185.0 |
  Orcish Mines |   1273 |   1222 |     51 |    204 |    504 |   2 |  636.5 |
               +--------+--------+--------+--------+--------+-----+--------+

Top non-repeatable levels by time:
     D:2: 994 daAuts
     D:1: 972 daAuts
   Orc:2: 935 daAuts
     D:9: 904 daAuts
     D:3: 848 daAuts
     D:6: 800 daAuts
     D:7: 776 daAuts
     D:4: 751 daAuts
     D:8: 695 daAuts
     D:5: 512 daAuts
   Orc:1: 338 daAuts
  Temple: 185 daAuts
